 Dungeon Crawl Stone Soup version 0.26-b1-32-g5d43845318 (webtiles) character file.

Game seed: 10657431801418965695

591660 HoaS the Middleweight Champion (level 27, -2/273 HPs)
             Began as a Ghoul Gladiator on Jan 8, 2021.
             Was the Champion of Makhleb.
             Killed by divine providence
             ... invoked by a daeva
              (9 damage)
             ... while paralysed by accursed screaming
             ... on level 5 of the Abyss.
             The game lasted 02:29:34 (56794 turns).

HoaS the Middleweight Champion (Ghoul Gladiator)   Turns: 56794, Time: 02:29:34

Health: -2/273     AC: 49    Str: 17 (23) XL:     27
Magic:  22/22      EV:  2    Int: -2 (6)  God:    Makhleb [******]
Gold:   6587       SH:  0    Dex: 15 (18) Spells: 26/26 levels left

rFire    . . .     SeeInvis .     - Unarmed
rCold    + . .     Faith    .   (no shield)
rNeg     + + +     Spirit   .   c - +14 crystal plate armour
rPois    ∞         Reflect  +   N - +2 helmet
rElec    .         Harm     .   b - +0 cloak
rCorr    .         Rampage  .   (no gloves)
Will     +++..     Rnd*Tele +   n - +1 pair of boots
Stlth    ..........             s - amulet "Amoohusa" {Reflect Will+ SH+5}
HPRegen  0.00/turn              e - +4 ring of evasion
MPRegen  0.18/turn              S - ring "Baityz" {*Tele rPois Int+3}

@: paralysed, slowed, lost intelligence, glowing
A: claws 1, cold resistance 1, negative energy resistance 3, inhibited
regeneration, torment resistance, unbreathing
}: 2/15 runes: decaying, serpentine
a: Renounce Religion, Minor Destruction, Lesser Servant of Makhleb, Major
Destruction, Greater Servant of Makhleb


You were on level 5 of the Abyss.
You worshipped Makhleb.
Makhleb was exalted by your worship.
You visited 10 branches of the dungeon, and saw 46 of its levels.
You visited the Abyss 1 time.
You also visited: Ossuary and Bailey.

You collected 9803 gold pieces.
You spent 3216 gold pieces at shops.

Inventory:

Missiles
 a - 74 boomerangs
 F - 13 silver javelins
 I - 23 javelins
 O - 6 throwing nets (quivered)
 P - 10 silver boomerangs
Armour
 b - a +0 cloak (worn)
 c - a +14 crystal plate armour (worn)
 n - a +1 pair of boots (worn)
 N - a +2 helmet (worn)
Jewellery
 e - a +4 ring of evasion (left claw)
 m - a cursed amulet of inaccuracy {unknown}
 s - the amulet "Amoohusa" (around neck) {Reflect Will+ SH+5}
   (You bought it in a shop on level 4 of the Dungeon)

   [amulet of reflection]

   It shields you and reflects attacks.
   It affects your willpower, your defense against some magical effects.
   It affects your SH (+5).
 z - an uncursed ring of see invisible
 A - an uncursed ring of protection from fire
 G - an uncursed ring of resist corrosion
 L - the ring "Becvynez" {rF+ MP+9 Int+3}
   (You found it on level 1 of the Lair of Beasts)

   [ring of protection from fire]

   It affects your intelligence (+3).
   It protects you from fire.
   It affects your magic capacity (+9).
 Q - an uncursed ring of flight
 R - a +6 ring of strength
 S - the ring "Baityz" (right claw) {*Tele rPois Int+3}
   (You took it off a skeletal warrior on level 3 of the Crypt)

   [ring of teleportation]

   It may teleport you next to monsters.
   It affects your intelligence (+3).
   It protects you from poison.
Wands
 J - a wand of digging (8)
 M - a wand of acid (33)
Scrolls
 f - 26 scrolls of remove curse
 g - 7 scrolls of fear
 t - 4 scrolls of blinking
 u - 17 scrolls of teleportation
 y - 26 scrolls of identify
 B - 4 scrolls of magic mapping
 C - 4 scrolls of silence
 H - 7 scrolls of fog
 U - a scroll of summoning
Potions
 d - 9 potions of haste
 h - 6 potions of cancellation
 i - 20 potions of heal wounds
 j - 10 potions of might
 k - 3 potions of resistance
 l - 29 potions of curing
 p - 4 potions of invisibility
 q - 11 potions of flight
 D - 8 potions of attraction
 K - 2 potions of ambrosia


   Skills:
 O Level 27 Fighting
 - Level 1.7 Throwing
 + Level 20.5 Armour
 + Level 19.4 Dodging
 O Level 27 Unarmed Combat


You had 26 spell levels left.
You didn't know any spells.
Your spell library contained the following spells:

 Spells                   Type           Power        Failure   Level
 Animate Skeleton         Necr           0%           100%        1
 Apportation              Tloc           0%           100%        1
 Corona                   Hex            0%           100%        1
 Foxfire                  Conj/Fire      0%           100%        1
 Magic Dart               Conj           0%           100%        1
 Pain                     Necr           0%           100%        1
 Sandblast                Erth           0%           100%        1
 Summon Small Mammal      Summ           0%           100%        1
 Blink                    Tloc           N/A          100%        2
 Call Imp                 Summ           0%           100%        2
 Corpse Rot               Necr/Air       N/A          100%        2
 Ensorcelled Hibernation  Hex/Ice        0%           100%        2
 Passwall                 Tmut/Erth      0%           100%        2
 Poisonous Vapours        Pois/Air       0%           100%        2
 Searing Ray              Conj           0%           100%        2
 Slow                     Hex            0%           100%        2
 Swiftness                Air            0%           100%        2
 Call Canine Familiar     Summ           0%           100%        3
 Confusing Touch          Hex            0%           100%        3
 Conjure Flame            Conj/Fire      0%           100%        3
 Dazzling Flash           Conj/Hex       0%           100%        3
 Ignite Poison            Fire/Tmut/Pois 0%           100%        3
 Inner Flame              Hex/Fire       0%           100%        3
 Mephitic Cloud           Conj/Pois/Air  0%           100%        3
 Static Discharge         Conj/Air       0%           100%        3
 Stone Arrow              Conj/Erth      0%           100%        3
 Summon Guardian Golem    Hex/Summ       0%           100%        3
 Tukima's Dance           Hex            0%           100%        3
 Vampiric Draining        Necr           0%           100%        3
 Animate Dead             Necr           0%           100%        4
 Cause Fear               Hex            0%           100%        4
 Dispel Undead            Necr           0%           100%        4
 Fulminant Prism          Conj/Hex       0%           100%        4
 Iskenderun's Mystic Bla  Conj/Tloc      0%           100%        4
 Leda's Liquefaction      Hex/Erth       0%           100%        4
 Passage of Golubria      Tloc           N/A          100%        4
 Petrify                  Tmut/Erth      0%           100%        4
 Sticky Flame             Conj/Fire      0%           100%        4
 Summon Ice Beast         Ice/Summ       0%           100%        4
 Summon Lightning Spire   Summ/Air       0%           100%        4
 Agony                    Necr           0%           100%        5
 Bolt of Magma            Conj/Fire/Erth 0%           100%        5
 Borgnjor's Vile Clutch   Necr/Erth      0%           100%        5
 Excruciating Wounds      Necr           0%           100%        5
 Fireball                 Conj/Fire      0%           100%        5
 Irradiate                Conj/Tmut      0%           100%        5
 Iskenderun's Battlesphe  Conj           0%           100%        5
 Lee's Rapid Deconstruct  Erth           0%           100%        5
 Lightning Bolt           Conj/Air       0%           100%        5
 Silence                  Hex/Air        0%           100%        5
 Yara's Violent Unravell  Hex/Tmut       0%           100%        5
 Conjure Ball Lightning   Conj/Air       0%           100%        6
 Freezing Cloud           Conj/Ice/Air   0%           100%        6
 Invisibility             Hex            0%           100%        6
 Iron Shot                Conj/Erth      0%           100%        6
 Shadow Creatures         Summ           N/A          100%        6
 Haunt                    Necr/Summ      0%           100%        7
 Orb of Destruction       Conj           0%           100%        7
 Spellforged Servitor     Conj/Summ      0%           100%        7
 Discord                  Hex            0%           100%        8
 Ignition                 Fire           0%           100%        8
 Shatter                  Erth           0%           100%        9
 Tornado                  Air            0%           100%        9
 Beastly Appendage        Tmut           Unusable     N/A         1
 Sublimation of Blood     Necr           Unusable     N/A         2
 Wereblood                Tmut           Unusable     N/A         2
 Spider Form              Tmut/Pois      Unusable     N/A         3
 Ice Form                 Ice/Tmut       Unusable     N/A         4
 Blade Hands              Tmut           Unusable     N/A         5
 Hydra Form               Tmut           Unusable     N/A         6
 Statue Form              Tmut/Erth      Unusable     N/A         6
 Dragon Form              Tmut           Unusable     N/A         7

Dungeon Overview and Level Annotations

Branches:
Dungeon (15/15)            Temple (1/1) D:5            Lair (6/6) D:8
  Swamp (4/4) Lair:4        Snake (4/4) Lair:2        Slime (0/5) Lair:5
    Orc (2/2) D:9             Elf (2/3) Orc:2        Vaults (4/5) D:13
  Crypt (3/3) Vaults:3       Tomb (0/3) Crypt:3      Depths (5/5) D:15
    Zot (0/5) Depths:5    Ossuary (visited)          Bailey (visited)

Altars:
Ashenzari
Cheibriados
Dithmenos
Elyvilon
Fedhas
Gozag
Hepliaklqana
Kikubaaqudgha
Makhleb
Nemelex Xobeh
Okawaru
Qazlal
Ru
Sif Muna
Trog
Uskayaw
Vehumet
Wu Jian
Xom
Yredelemnul
Zin
The Shining One
Beogh
Jiyva

Shops:
D:4 =   D:5 [   D:6 *   D:7 }   Orc:1 (   Orc:2 ?**}   Snake:3 :!*}
Vaults:1 [   Vaults:3 :   Depths:2 !

Portals:
Hell: Depths:1 Depths:2 Depths:3 Depths:4 Depths:5
Abyss: Depths:2 Depths:3 Depths:4
Pandemonium: Depths:3
Ziggurat: Depths:3

Annotations:
Orc:2 exclusion: 4 orange crystal statues
Crypt:2 1 transporter


Innate Abilities, Weirdness & Mutations

You thrive by killing the living.
You are immune to poison.
You have sharp fingernails.
Your flesh is cold resistant. (rC+)
You are immune to negative energy. (rN+++)
You do not regenerate when monsters are visible.
You are immune to unholy pain and torment.
You can survive without breathing.


Message History

* * * LOW HITPOINT WARNING * * *
The smoke demon gestures at you. Something smites you!
* * * LOW HITPOINT WARNING * * *
The apocalypse crab barely misses you.
The apocalypse crab claws you but does no damage.
The starcursed mass engulfs you but does no damage. x2
The naga barely misses you. The chaos spawn misses you.
You scratch the thrashing horror but do no damage.
The thrashing horror tramples you.
* * * LOW HITPOINT WARNING * * *
You hold your ground!
You block the thrashing horror's attack.
The wretched star pulses with an eldritch light!
A deafening chorus of shrieks assaults your mind!
* * * LOW HITPOINT WARNING * * *
You suddenly lose the ability to move!
The daeva calls down the wrath of the Shining One upon you.
The Shining One smites you!
You die...

. ...... .......
...... §.....#
......##......#
.....XFF........
...............
.....X3*........
#
.....NXX4.......
)....XX@Xh.§...
.
....X.tXX.......
....AX##W.....##
...... †.....#
...... ∩.......
..... .†..... .
..... . ).†....
.... . ....... .
. .. ... ...


You could see 6 starcursed masses, a daeva, a wretched star, a flayed ghost, an
apocalypse crab, 3 thrashing horrors, 2 large abominations, a smoke demon, a
raiju, 2 blink frogs, a chaos spawn and a naga.

Vanquished Creatures
  2 juggernauts
  Sojobo (Depths:1)
  Vashnia (Snake:4)
  Margery (Depths:4)
  12 caustic shrikes
  4 golden dragons
  Xtahua (Depths:4)
  3 profane servitors
  The ghost of Gemnonof the Warrior, an adept DgCj (Depths:4)
  6 bone dragons
  5 liches
  Jorgrun (Lair:2)
  2 hellephants (Abyss:5)
  A Hell Sentinel (Abyss:5)
  A shard shrike skeleton (Crypt:1)
  3 tentacled monstrosities
  A quicksilver dragon (Depths:5)
  A titan (Depths:5)
  The ghost of Buem the Warrior, an adept OgAM of Yredelemnul (Swamp:3)
  Frances (Swamp:1)
  4 shadow dragons
  Gastronok (D:11)
  2 thorn hunters
  2 sphinxes
  11 tengu reavers
  Donald (Crypt:1)
  2 storm dragons
  11 tentacled starspawn (Abyss:5)
  Roxanne (D:15)
  A daeva (Abyss:5)
  3 revenants
  8 nagarajas
  A draconian monk (Depths:5)
  10 frost giants
  15 vault wardens
  A cacodemon (Abyss:5)
  2 deep elf sorcerers
  8 fire giants
  The ghost of skk the Blocker, an adept GrFi of Okawaru (D:15)
  Aizul (Vaults:3)
  The ghost of Adireryl the Fighter, a journeyman HOFi of Beogh (Lair:5)
  13 ironheart preservers
  Louise (D:14)
  3 spriggan defenders
  2 deep elf elementalists
  17 very ugly things
  2 angels (Depths:3)
  9 ghouls
  2 curse skulls (Crypt:3)
  3 reapers
  18 stone giants
  9 vampire knights
  The ghost of Goblin1989 the Basher, a journeyman PaFi of Cheibriados (Orc:1)
  The ghost of Fifowuza the Grappler, a journeyman DrTm of Wu Jian (Lair:4)
  2 ophanim
  3 deep elf demonologists
  2 red draconians
  A dire elephant (Lair:5)
  2 entropy weavers
  A spark wasp (Depths:2)
  2 black draconians (Depths:5)
  7 bunyips
  3 yellow draconians (Depths:5)
  11 eidola
  A white draconian (Depths:5)
  A minotaur (Lair:4)
  A deep elf annihilator (Vaults:3)
  11 fire dragons
  2 green deaths
  9 ettins
  A mummy priest (Crypt:3)
  4 jiangshi
  2 ettins (shapeshifter)
  Snorg (D:13)
  5 great orbs of eyes
  2 shambling mangroves (Swamp:3)
  A deep elf high priest (Depths:2)
  A quicksilver dragon zombie (Crypt:2)
  Josephine (D:14)
  5 eleionomae
  8 rakshasas
  7 yaktaur captains
  Harold (Orc:2)
  12 ice dragons
  The ghost of Arum the Fighter, a journeyman FoFi of Okawaru (D:10)
  25 hydras
  13 vault guards
  Fannar (D:11)
  8 boulder beetles
  8 centaur warriors
  A monstrous demonspawn (Depths:3)
  2 ghost crabs
  2 catoblepae (Lair:6)
  51 two-headed ogres
  17 naga warriors
  The ghost of Gauvater the Covert, a journeyman OpBr of Uskayaw (Lair:1)
  9 anacondas
  A spriggan air mage (Depths:4)
  22 dancing weapons
  17 ogre magi
  13 alligators
  6 death yaks
  8 vampire magi
  8 deep troll earth magi
  5 death knights
  2 hell hogs (Abyss:5)
  12 tengu warriors
  A queen ant (Lair:5)
  Urug (D:12)
  27 naga sharpshooters
  10 deep troll shamans
  9 spriggan berserkers
  43 thrashing horrors
  2 storm dragon zombies (Crypt:3)
  15 deep elf knights
  21 hell knights
  6 soul eaters
  Sonja (Orc:2)
  2 sun demons
  10 shock serpents
  6 iron trolls
  12 spriggans
  6 sixfirhies
  21 wretched stars
  3 goliath frogs (Swamp:3)
  The ghost of
  1994 the Conjurer, a novice DgCj (D:9)
  A fire crab (shapeshifter) (Depths:2)
  4 shadow wraiths
  3 spatial maelstroms (Abyss:5)
  28 deep trolls
  A storm dragon skeleton (Abyss:3)
  13 sea snakes
  A death drake (Abyss:5)
  3 wizards
  12 bog bodies
  A ghost moth zombie (Crypt:3)
  A gelid demonspawn (Depths:3)
  18 swamp dragons
  22 skeletal warriors
  10 unseen horrors
  59 starcursed masses
  3 glowing orange brains
  A harpy (shapeshifter) (Elf:2)
  A golden dragon skeleton (Crypt:1)
  An obsidian statue (Vaults:1)
  8 flayed ghosts
  9 necromancers
  2 naga ritualists
  19 orc knights
  A lindwurm (shapeshifter) (Depths:2)
  An infernal demonspawn (Depths:3)
  3 lindwurms
  21 phantasmal warriors
  2 shadow dragon zombies (Crypt:3)
  10 deep elf archers
  A shadow dragon skeleton (Vaults:3)
  9 mana vipers
  A tengu skeleton (Vaults:3)
  13 ironbrand convokers
  A faun (shapeshifter) (Abyss:5)
  3 orc sorcerers
  2 manticores
  52 deep elf magi
  An orb spider (shapeshifter) (Depths:4)
  2 frost giant zombies (Crypt:3)
  27 ugly things
  An iron dragon zombie (Crypt:3)
  14 salamanders
  A fire giant zombie (Crypt:3)
  12 wolf spiders
  5 will-o-the-wisps
  3 moths of wrath
  5 worldbinders
  15 cyclopes
  A manticore (shapeshifter) (Depths:2)
  8 elephants
  5 guardian serpents
  31 black mambas
  3 apocalypse crabs
  A stone giant skeleton (Vaults:3)
  A guardian serpent (shapeshifter) (Vaults:1)
  A dire elephant zombie (Crypt:3)
  A black mamba (shapeshifter) (Vaults:3)
  2 frost giant skeletons (Vaults:3)
  30 naga magi
  A cane toad (shapeshifter) (Vaults:3)
  A fire giant skeleton (Abyss:5)
  15 smoke demons
  16 vault sentinels
  Maurice (D:11)
  A water nymph (Abyss:3)
  2 gargoyles
  An orange demon (Abyss:5)
  The ghost of trm the Magician, a novice DsCj of Gozag (D:6)
  A storm dragon simulacrum (Crypt:2)
  9 cane toads
  3 rime drakes
  6 komodo dragons
  4 demonic crawlers
  5 efreet
  8 freezing wraiths
  A yaktaur (shapeshifter) (Elf:2)
  3 kobold demonologists
  A yellow draconian skeleton (Crypt:1)
  2 guardian mummies
  A silent spectre (Abyss:5)
  8 human skeletons
  An ice devil (Abyss:5)
  A komodo dragon (shapeshifter) (Depths:3)
  62 yaktaurs
  4 tengu conjurers
  2 harpy zombies (Crypt:2)
  5 hellwings (Abyss:5)
  3 jumping spiders (Crypt:3)
  A troll (shapeshifter) (Depths:2)
  13 trolls
  13 ancient zymes
  A red devil (Depths:3)
  8 tyrant leeches
  Prince Ribbit (D:5)
  3 meliai
  16 hornets
  19 blink frogs
  A hornet (shapeshifter) (Depths:2)
  42 slime creatures
  2 polar bears
  A wind drake (shapeshifter) (Vaults:3)
  14 dream sheep
  2 fire dragon zombies
  9 raiju (Abyss:5)
  3 shadows
  2 ushabtiu (Crypt:3)
  45 large abominations
  9 flying skulls (Abyss:5)
  2 vampires
  2 spriggans (shapeshifter)
  2 black mamba zombies
  2 fire dragon skeletons (Crypt:2)
  15 wraiths
  2 ettin skeletons
  2 redbacks (Crypt:3)
  5 water elementals
  A tarantella (shapeshifter) (Depths:4)
  12 wyverns
  15 yaks
  6 ynoxinuls
  3 basilisks
  2 fire bats (Abyss:5)
  A fire bat (shapeshifter) (Depths:3)
  A tyrant leech zombie (Crypt:1)
  A human (shapeshifter) (Depths:1)
  11 vampire mosquitoes
  10 neqoxecs
  11 chaos spawn
  4 fire elementals
  5 spatial vortices (Abyss:5)
  8 wargs
  7 soldier ants
  10 swamp worms
  4 acid dragons
  5 hell hounds (Abyss:5)
  58 nagas
  A deep troll skeleton (Vaults:3)
  10 swamp drakes
  15 water moccasins
  An eye of draining (Abyss:5)
  A hornet zombie (D:13)
  5 ice beasts
  45 orc warriors
  19 small abominations
  3 ettin simulacra (Depths:3)
  3 phantoms
  14 necrophages
  7 black bears
  3 sky beasts
  60 ogres
  11 boggarts
  A swamp dragon zombie (Crypt:3)
  16 wolves
  An elephant skeleton (Crypt:1)
  12 centaurs
  A rime drake skeleton (Crypt:1)
  6 big kobolds
  16 bullfrogs
  A yaktaur skeleton (Crypt:2)
  An earth elemental (Elf:2)
  14 wyvern skeletons
  3 scorpions
  A polar bear zombie (Crypt:1)
  4 human simulacra (Vaults:3)
  18 killer bees
  6 howler monkeys
  3 wights (D:13)
  14 electric eels
  3 crimson imps
  3 bullfrog zombies (Ossuary)
  4 centaur zombies
  A black bear zombie (Crypt:2)
  3 human zombies (Crypt:1)
  An iron imp (Abyss:3)
  8 jellies
  4 hounds
  4 centaur skeletons
  16 orc priests
  A gnoll shaman (Orc:2)
  19 orc wizards
  2 black bear skeletons
  3 iguanas
  Terence (D:3)
  24 worker ants
  A hell rat (Depths:4)
  3 killer bee zombies
  A demigod zombie (Crypt:2)
  A dwarf zombie (Crypt:1)
  A dwarf skeleton (Crypt:2)
  2 hound zombies
  24 mummies
  A howler monkey zombie (Ossuary)
  A worker ant zombie (Ossuary)
  13 gnolls
  19 adders
  5 white imps
  3 ufetubi
  2 oozes
  An adder zombie (Ossuary)
  A lava snake zombie (Crypt:2)
  5 worms
  A barachi skeleton (Crypt:1)
  3 dart slugs
  4 leopard geckos
  135 orcs
  7 bats
  6 giant cockroaches
  16 goblins
  12 hobgoblins
  4 jackals
  A jackal (shapeshifter) (Depths:4)
  38 kobolds
  2 quokkas
  2 ball pythons
  6 frilled lizards
  A giant cockroach zombie (D:5)
  A goblin zombie (D:8)
  A hobgoblin zombie (D:8)
  A leopard gecko skeleton (D:8)
  4 rats
  4 briar patches
  A lurking horror (Abyss:5)
  8 starspawn tentacles (Abyss:5)
  2 withered plants (Crypt:3)
2606 creatures vanquished.

Vanquished Creatures (others)
  A revenant (Abyss:5)
  5 large abominations
  A goliath frog (Swamp:4)
  A wizard (Depths:3)
  A naga mage (Snake:4)
  A hellion (Abyss:4)
  3 bloated husks
  A raiju (Abyss:5)
  A shadow (Abyss:4)
  A spriggan (Swamp:4)
  2 neqoxecs
  An ogre (Vaults:4)
  2 small abominations
  A crimson imp (D:5)
  A starcursed mass (Abyss:5)
  2 orcs
  2 briar patches (Swamp:2)
  A bush (Lair:6)
  30 foxfires
  9 fungi
  5 lurking horrors (Abyss:5)
  126 plants
  26 starspawn tentacles (Abyss:5)
  16 toadstools
  11 withered plants
251 creatures vanquished.

Grand Total: 2857 creatures vanquished

Notes
Turn   | Place    | Note
-------+----------+-------------------------------------------
     0 | D:1      | HoaS the Ghoul Gladiator began the quest for the Orb.
     0 | D:1      | Reached XP level 1. HP: 17/17 MP: 0/0
   191 | D:1      | Reached XP level 2. HP: 24/24 MP: 1/1
   598 | D:2      | Reached XP level 3. HP: 25/29 MP: 2/2
   612 | D:2      | Found a faded altar of an unknown god.
   634 | D:2      | Reached skill level 5 in Unarmed Combat
   799 | D:2      | Reached XP level 4. HP: 28/36 MP: 3/3
  1835 | D:3      | Found a white marble altar of Elyvilon.
  1936 | D:3      | Reached XP level 5. HP: 41/41 MP: 4/4
  2303 | D:3      | Noticed Terence
  2315 | D:3      | Killed Terence
  2837 | D:4      | Noticed an ogre
  2855 | D:4      | Killed an ogre
  2856 | D:4      | Reached XP level 6. HP: 30/48 MP: 5/5
  2870 | D:4      | Noticed a phantom
  2946 | D:4      | Killed a phantom
  3232 | D:4      | Reached XP level 7. HP: 54/55 MP: 6/6
  3305 | D:4      | Found Keidoen's Jewellery Shop.
  3685 | D:5      | Entered Level 5 of the Dungeon
  3696 | D:5      | Found a staircase to the Ecumenical Temple.
  3747 | Temple   | Entered the Ecumenical Temple
  3907 | Temple   | Became a worshipper of Makhleb the Destroyer
  3941 | D:5      | Noticed Prince Ribbit
  4037 | D:5      | Killed Prince Ribbit
  4295 | D:5      | Reached skill level 10 in Unarmed Combat
  4325 | D:5      | Found a shimmering altar of Xom.
  4332 | D:5      | Reached XP level 8. HP: 61/61 MP: 7/7
  4374 | D:5      | Found Deshrynke's Armour Emporium.
  4422 | D:5      | Bought a +2 scale mail of willpower for 273 gold pieces
  4833 | D:6      | Found a glowing silver altar of Zin.
  4877 | D:6      | Found a sparkling altar of Nemelex Xobeh.
  4937 | D:6      | Found a runed translucent door.
  4937 | D:6      | Noticed trm's ghost (novice DsCj)
  4956 | D:6      | Found an opulent altar of Gozag.
  5041 | D:6      | Reached * piety under Makhleb
  5181 | D:6      | Found Zoveoles's Assorted Antiques.
  5240 | D:6      | Reached XP level 9. HP: 40/68 MP: 8/8
  5408 | D:6      | Reached skill level 1 in Armour
  5533 | D:6      | Found a sacrificial altar of Ru.
  6195 | D:7      | Found Yceumurr's Gadget Emporium.
  6423 | D:8      | Reached ** piety under Makhleb
  6605 | D:8      | Found a sand-covered staircase.
  6612 | Ossuary  | Entered an ossuary
  6734 | Ossuary  | Reached *** piety under Makhleb
  6973 | Ossuary  | Reached XP level 10. HP: 80/80 MP: 9/9
  7290 | D:8      | Reached skill level 5 in Fighting
  7302 | D:8      | Found a staircase to the Lair.
  7516 | D:8      | Noticed a two-headed ogre
  7524 | D:8      | Killed a two-headed ogre
  7525 | D:8      | Reached skill level 5 in Dodging
  7929 | D:9      | Reached **** piety under Makhleb
  8046 | D:9      | Found a transporter.
  8046 | D:9      | Identified the +6 dire flail of Imminent Death {freeze,
                  | rElec}
  8046 | D:9      | Identified the +1 great mace "Itticl Gott" {drain, rF+++
                  | Int-4 SInv}
  8046 | D:9      | Noticed a two-headed ogre
  8046 | D:9      | Noticed a two-headed ogre
  8046 | D:9      | Noticed 1994's ghost (novice DgCj)
  8090 | D:9      | Found a staircase to the Orcish Mines.
  8104 | D:9      | Found a roughly hewn altar of Beogh.
  8229 | D:9      | Noticed a deep elf mage
  8235 | D:9      | Killed a deep elf mage
  8302 | D:9      | Found a transporter.
  8303 | D:9      | Noticed a two-headed ogre
  8535 | D:6      | Killed trm's ghost
  8664 | D:10     | Entered Level 10 of the Dungeon
  8864 | D:10     | Reached XP level 11. HP: 91/91 MP: 10/10
  9063 | D:10     | Found a runed translucent door.
  9063 | D:10     | Found a shimmering altar of Xom.
  9063 | D:10     | Noticed Arum's ghost (journeyman FoFi)
  9063 | D:10     | Noticed a +2 rapier of chaos
  9132 | D:10     | Reached skill level 5 in Armour
  9402 | D:10     | Got a clouded bone amulet
  9846 | D:10     | Found a shimmering altar of Xom.
  9904 | D:10     | Identified the amulet "Rapseps" {Acrobat *Drain rC+ Str+2}
                  | (You found it on level 10 of the Dungeon)
  9970 | D:10     | Got a pearl-studded leather armour
  9971 | D:10     | Identified the cursed +0 leather armour "Higet Gergh" {Harm
                  | +Blink} (You found it on level 10 of the Dungeon)
 10098 | D:4      | Bought the amulet "Amoohusa" {Reflect Will+ SH+5} for 468
                  | gold pieces
 10208 | Lair:1   | Entered Level 1 of the Lair of Beasts
 10208 | Lair:1   | Found a runed translucent door.
 10208 | Lair:1   | Noticed Gauvater's ghost (journeyman OpBr)
 11279 | Lair:2   | Noticed a seven-headed hydra
 11294 | Lair:2   | Killed a seven-headed hydra
 11429 | Lair:2   | Reached skill level 15 in Unarmed Combat
 11721 | Lair:2   | Found a staircase to the Snake Pit.
 12097 | Lair:2   | Identified a scroll of acquirement
 12097 | Lair:2   | Acquired 702 gold pieces
 12422 | Lair:3   | Noticed a seven-headed hydra
 12430 | Lair:3   | Killed a seven-headed hydra
 12431 | Lair:3   | Reached XP level 12. HP: 83/101 MP: 11/11
 12922 | Lair:4   | Found a staircase to the Swamp.
 13268 | Lair:4   | Reached ***** piety under Makhleb
 13300 | Lair:4   | Found a runed translucent gate.
 13370 | Lair:4   | Found a runed translucent gate.
 13371 | Lair:4   | Found a runed translucent gate.
 13372 | Lair:4   | Noticed a minotaur
 13403 | Lair:4   | Noticed Fifowuza's ghost (journeyman DrTm)
 14225 | Lair:5   | Acquired a +2 crystal plate armour
 14273 | Lair:5   | Noticed a death yak
 14273 | Lair:5   | Noticed a four-headed hydra
 14311 | Lair:5   | Killed a four-headed hydra
 14323 | Lair:5   | Killed a death yak
 14325 | Lair:5   | Found a runed translucent door.
 14325 | Lair:5   | Found a viscous altar of Jiyva.
 14549 | Lair:5   | Noticed a five-headed hydra
 14559 | Lair:5   | Killed a five-headed hydra
 14560 | Lair:5   | Reached XP level 13. HP: 85/111 MP: 12/12
 14601 | Lair:5   | Acquired 853 gold pieces
 14699 | Lair:5   | Noticed a dire elephant
 14721 | Lair:5   | Found a runed translucent door.
 14836 | Lair:5   | Found a runed translucent door.
 14905 | Lair:5   | Found a staircase to the Slime Pits.
 14945 | Lair:5   | Noticed Adireryl's ghost (journeyman HOFi)
 15094 | Lair:6   | Entered Level 6 of the Lair of Beasts
 15381 | Lair:6   | Reached skill level 10 in Fighting
 15450 | Lair:6   | Noticed an entropy weaver
 15514 | Lair:5   | Killed an entropy weaver
 15547 | Lair:6   | Noticed an entropy weaver
 15568 | Lair:6   | Killed an entropy weaver
 15976 | Lair:6   | Reached ****** piety under Makhleb
 16063 | Lair:6   | Acquired a manual of Armour
 16275 | Lair:6   | Reached XP level 14. HP: 124/124 MP: 13/13
 16715 | D:9      | Reached skill level 10 in Armour
 16730 | D:9      | Killed 1994's ghost
 16805 | D:10     | Reached skill level 10 in Dodging
 16821 | D:10     | Killed Arum's ghost
 16926 | Lair:1   | Killed Gauvater's ghost
 16937 | Lair:1   | Got a vibrating bone ring
 16942 | Lair:1   | Identified the ring "Becvynez" {rF+ MP+9 Int+3} (You found
                  | it on level 1 of the Lair of Beasts)
 17117 | Lair:4   | Killed Fifowuza's ghost
 17536 | D:11     | Noticed Maurice
 17542 | D:11     | Killed Maurice
 17599 | D:11     | Found a flagged portal.
 17675 | D:11     | Got an ichor-stained plate armour
 17703 | D:11     | Identified the cursed +1 plate armour of Udwerchar {-Tele
                  | Regen+ Dex+7 SInv} (You found it on level 11 of the
                  | Dungeon)
 17708 | Bailey   | Entered a bailey
 17793 | Bailey   | Found an iron altar of Okawaru.
 18450 | D:11     | Acquired 909 gold pieces
 18544 | D:11     | Found a snail-covered altar of Cheibriados.
 18606 | D:11     | Noticed Fannar
 18622 | D:11     | Killed Fannar
 19042 | D:11     | Noticed Gastronok
 19056 | D:11     | Killed Gastronok
 19484 | D:12     | Noticed Urug
 19499 | D:12     | Killed Urug
 20310 | Orc:1    | Entered Level 1 of the Orcish Mines
 20445 | Orc:2    | Entered Level 2 of the Orcish Mines
 20462 | Orc:2    | Reached XP level 15. HP: 134/134 MP: 14/14
 20712 | Orc:1    | Noticed Goblin1989's ghost (journeyman PaFi)
 20714 | Orc:1    | Found a bloodstained altar of Trog.
 20714 | Orc:1    | Found a transporter.
 20714 | Orc:1    | Identified the cursed +0 scimitar of the Peculiar Emperors
                  | {antimagic, Str+3}
 20716 | Orc:1    | Found Qeluak's Antique Weapon Shoppe.
 20751 | Orc:1    | Found a transporter.
 20808 | Orc:2    | Found a runed translucent door.
 20969 | Orc:2    | Found Roxy's Assorted Antiques.
 20970 | Orc:2    | Found Ires's Magic Scroll Boutique.
 21008 | Orc:2    | Found Kiskypt's Gadget Shoppe.
 21010 | Orc:2    | Bought a scroll of enchant armour for 112 gold pieces
 21010 | Orc:2    | Bought a scroll of enchant armour for 112 gold pieces
 21053 | Orc:2    | Found a staircase to the Elven Halls.
 21056 | Orc:1    | Noticed Harold
 21056 | Orc:1    | Noticed Sonja
 21095 | Orc:2    | Killed Harold
 21365 | Orc:2    | Killed Sonja
 21380 | Orc:2    | Found Inaegg's Assorted Antiques.
 21388 | Orc:2    | Bought a potion of heal wounds for 105 gold pieces
 21405 | Orc:2    | Bought 2 potions of heal wounds for 360 gold pieces
 21405 | Orc:2    | Bought a potion of curing for 108 gold pieces
 21594 | Orc:2    | Found the +10 tower shield of Ignorance {rN+ Int-4}
 21598 | Orc:2    | Found a runed translucent door.
 22100 | D:13     | Found a gate to the Vaults.
 22256 | D:13     | Noticed Snorg
 22268 | D:13     | Killed Snorg
 23006 | D:14     | Reached XP level 16. HP: 144/144 MP: 15/15
 23427 | D:14     | Found a white marble altar of Elyvilon.
 23626 | D:15     | Entered Level 15 of the Dungeon
 23800 | D:15     | Noticed Louise
 23999 | D:14     | Killed Louise
 24002 | D:15     | Noticed Josephine
 24011 | D:14     | Paralysed by a wizard for 2 turns
 24027 | D:14     | Killed Josephine
 24249 | D:15     | Found a radiant altar of Vehumet.
 24270 | D:15     | Identified Roxanne's Incunabulum of Transmutation
 24270 | D:15     | Noticed Roxanne
 24342 | D:15     | Killed Roxanne
 24590 | D:15     | Found a runed translucent gate.
 24617 | D:15     | Found a runed translucent gate.
 24618 | D:15     | Found a runed translucent gate.
 24619 | D:15     | Noticed skk's ghost (adept GrFi)
 24735 | D:15     | Found a staircase to the Depths.
 24820 | D:15     | Killed skk's ghost
 25224 | Lair:5   | Killed Adireryl's ghost
 26067 | Orc:1    | Killed Goblin1989's ghost
 26420 | Swamp:1  | Entered Level 1 of the Swamp
 26596 | Swamp:1  | Reached XP level 17. HP: 127/154 MP: 16/16
 26735 | Swamp:1  | Noticed Frances
 26770 | Swamp:1  | Killed Frances
 27486 | Swamp:2  | Reached skill level 15 in Fighting
 27928 | Swamp:3  | Reached skill level 15 in Armour
 28105 | Swamp:3  | Identified the +9 trident of Currency {flame, rF+ Int+4}
 28106 | Swamp:3  | Noticed Buem's ghost (adept OgAM)
 28114 | Swamp:3  | Found a transporter.
 28115 | Swamp:3  | Found a bloodstained altar of Trog.
 28115 | Swamp:3  | Identified the +3 rapier of the Desert {flame, *Noise rElec
                  | Dex+5}
 28128 | Swamp:3  | Found a transporter.
 28721 | Swamp:4  | Entered Level 4 of the Swamp
 29071 | Swamp:3  | Reached XP level 18. HP: 99/166 MP: 17/17
 29651 | Swamp:4  | Got a decaying rune of Zot
 29908 | Swamp:3  | Killed Buem's ghost
 30086 | Snake:1  | Entered Level 1 of the Snake Pit
 30086 | Snake:1  | Noticed Jorgrun
 30113 | Lair:2   | Killed Jorgrun
 31437 | Snake:2  | Got a vibrating steel ring
 31817 | Snake:2  | Reached XP level 19. HP: 175/177 MP: 18/18
 32544 | Snake:2  | Identified the ring "Kogh" {+Fly Dex+6} (You found it on
                  | level 2 of the Snake Pit)
 32917 | Snake:3  | Found Cairredu's Distillery.
 32919 | Snake:3  | Found Sagauh's Book Shop.
 32920 | Snake:3  | Found Gal Tuqouk's Gadget Shop.
 32932 | Snake:3  | Found Letzaidd's Assorted Antiques.
 32934 | Snake:3  | Bought a potion of haste for 180 gold pieces
 32934 | Snake:3  | Bought a potion of heal wounds for 90 gold pieces
 32934 | Snake:3  | Bought 2 potions of heal wounds for 180 gold pieces
 32934 | Snake:3  | Bought a potion of haste for 180 gold pieces
 32934 | Snake:3  | Bought a potion of haste for 180 gold pieces
 32934 | Snake:3  | Bought a potion of heal wounds for 90 gold pieces
 32934 | Snake:3  | Bought a potion of curing for 54 gold pieces
 32934 | Snake:3  | Bought a potion of heal wounds for 90 gold pieces
 32937 | Snake:3  | Bought a wand of acid (9) for 364 gold pieces
 32939 | Snake:3  | Found an ancient bone altar of Kikubaaqudgha.
 33048 | Snake:3  | Found an iron altar of Okawaru.
 33566 | Snake:4  | Entered Level 4 of the Snake Pit
 34350 | Snake:4  | Noticed Vashnia
 34385 | Snake:4  | Killed Vashnia
 34405 | Snake:4  | Reached XP level 20. HP: 78/189 MP: 19/19
 35249 | Snake:4  | Got a serpentine rune of Zot
 35639 | Elf:1    | Entered Level 1 of the Elven Halls
 37039 | Elf:2    | Found a runed translucent gate.
 37039 | Elf:2    | Found a runed translucent gate.
 37057 | Elf:2    | Found a runed translucent gate.
 38225 | Vaults:1 | Entered Level 1 of the Vaults
 38437 | Vaults:1 | Found Kovuimeh's Armour Boutique.
 38632 | Vaults:1 | Reached skill level 15 in Dodging
 38729 | Vaults:1 | Found a transporter.
 38740 | Vaults:1 | Found a transporter.
 39228 | Vaults:1 | Noticed an iron giant
 39229 | Vaults:1 | an iron giant changed into an iron dragon
 39309 | Vaults:2 | Reached XP level 21. HP: 199/199 MP: 20/20
 40633 | Vaults:3 | Noticed Aizul
 40644 | Vaults:3 | Killed Aizul
 40837 | Vaults:3 | Reached XP level 22. HP: 211/211 MP: 21/21
 41292 | Vaults:3 | Found Feblirost's Book Shoppe.
 41450 | Vaults:3 | Found a staircase to the Crypt.
 43135 | Crypt:1  | Entered Level 1 of the Crypt
 43171 | Crypt:1  | Noticed Donald
 43188 | Crypt:1  | Killed Donald
 43990 | Crypt:2  | Reached XP level 23. HP: 217/221 MP: 22/22
 44203 | Crypt:2  | Found a basalt altar of Yredelemnul.
 44251 | Crypt:2  | Noticed an ancient lich
 44391 | Crypt:2  | Found a transporter.
 44392 | Crypt:2  | Found a radiant altar of Vehumet.
 44590 | Crypt:2  | Noticed an ancient lich
 44640 | Crypt:3  | Entered Level 3 of the Crypt
 45118 | Crypt:3  | Found a basalt altar of Yredelemnul.
 45213 | Crypt:3  | Identified the +7 halberd of Wyrd {vorpal, rC+ Will+ MP+9}
 45213 | Crypt:3  | Identified the ring "Baityz" {*Tele rPois Int+3}
 45217 | Crypt:3  | Identified the +5 chain mail of Somaepuu {rF+}
 45695 | Crypt:3  | Identified the Grimoire of Sinister Arts
 45888 | Crypt:3  | Found a staircase to the Tomb.
 46640 | Depths:1 | Entered Level 1 of the Depths
 47657 | Depths:1 | Noticed Sojobo
 47690 | Depths:1 | Killed Sojobo
 47752 | Depths:1 | Found a gateway to Hell.
 47850 | Depths:1 | Noticed a caustic shrike
 47855 | Depths:1 | Reached XP level 24. HP: 216/233 MP: 22/22
 47867 | Depths:1 | Killed a caustic shrike
 48079 | Depths:1 | Acquired 803 gold pieces
 48119 | Depths:1 | Identified the +8 hunting sling "Pyeseato" {vorpal, Stlth+}
 48460 | Depths:2 | Found a one-way gate to the infinite horrors of the Abyss.
 48797 | Depths:2 | Found Zozuawk's Distillery.
 48801 | Depths:2 | Bought a potion of might for 60 gold pieces
 48801 | Depths:2 | Bought a potion of berserk rage for 75 gold pieces
 48801 | Depths:2 | Bought a potion of curing for 45 gold pieces
 48801 | Depths:2 | Bought a potion of curing for 45 gold pieces
 48801 | Depths:2 | Bought a potion of curing for 45 gold pieces
 49292 | Depths:2 | Noticed a caustic shrike
 49302 | Depths:2 | Killed a caustic shrike
 49348 | Depths:2 | Identified the Disquisition on the Escort and
                  | Transmigration
 50108 | Depths:3 | Reached XP level 25. HP: 243/243 MP: 22/22
 50225 | Depths:3 | Found a one-way gate leading to the halls of Pandemonium.
 50291 | Depths:3 | Found a gateway to a ziggurat.
 51234 | Depths:4 | Found a runed translucent gate.
 51235 | Depths:4 | Found a runed translucent gate.
 51236 | Depths:4 | Found a runed translucent gate.
 51324 | Depths:4 | Noticed Xtahua
 51324 | Depths:4 | Paralysed by Xtahua for 4 turns
 51340 | Depths:4 | Killed Xtahua
 51504 | Depths:4 | Noticed Margery
 51514 | Depths:4 | Killed Margery
 51721 | Depths:4 | Found a runed translucent door.
 51721 | Depths:4 | Noticed Gemnonof's ghost (adept DgCj)
 51906 | Depths:4 | Killed Gemnonof's ghost
 51920 | Depths:5 | Entered Level 5 of the Depths
 51920 | Depths:5 | Noticed a juggernaut
 51940 | Depths:4 | Killed a juggernaut
 52316 | Depths:5 | Reached XP level 26. HP: 174/255 MP: 22/22
 52868 | Depths:5 | Reached skill level 27 in Unarmed Combat
 52872 | Depths:5 | Noticed a juggernaut
 52892 | Depths:5 | Killed a juggernaut
 52974 | Depths:5 | Found a gate to the Realm of Zot.
 54090 | Depths:2 | Voluntarily entered the Abyss.
 54159 | Abyss:2  | Found a corrupted altar of Lugonu.
 54254 | Abyss:2  | Found a corrupted altar of Lugonu.
 54321 | Abyss:3  | Lost intelligence.
 54399 | Abyss:3  | Paralysed by you for 2 turns
 55162 | Abyss:5  | Entered Level 5 of the Abyss
 55191 | Abyss:5  | Reached XP level 27. HP: 266/266 MP: 22/22
 55505 | Abyss:5  | Lost intelligence.
 55686 | Abyss:5  | Lost intelligence.
 55787 | Abyss:5  | Found a corrupted altar of Lugonu.
 55907 | Abyss:5  | Found a corrupted altar of Lugonu.
 56072 | Abyss:5  | Found a corrupted altar of Lugonu.
 56401 | Abyss:5  | Lost intelligence.
 56616 | Abyss:5  | Paralysed by accursed screaming for 1 turns
 56657 | Abyss:5  | Lost intelligence.
 56669 | Abyss:5  | Paralysed by accursed screaming for 1 turns
 56673 | Abyss:5  | Paralysed by accursed screaming for 1 turns
 56718 | Abyss:5  | Reached skill level 27 in Fighting
 56739 | Abyss:5  | Paralysed by accursed screaming for 1 turns
 56745 | Abyss:5  | Paralysed by accursed screaming for 2 turns
 56758 | Abyss:5  | Paralysed by accursed screaming for 2 turns
 56770 | Abyss:5  | Paralysed by accursed screaming for 2 turns
 56779 | Abyss:5  | Paralysed by accursed screaming for 1 turns
 56787 | Abyss:5  | Paralysed by accursed screaming for 1 turns
 56794 | Abyss:5  | HP: 7/273 [starcursed mass/accursed screaming (14)]
 56794 | Abyss:5  | Paralysed by accursed screaming for 1 turns
 56794 | Abyss:5  | Killed from afar by a daeva

Illustrated notes

Levels and vault maps discovered:
D:1:      nzn_arrival_crosshair, layout_loops_ring
D:2:      layout_loops_ring, chequers_ecumenical_altar_simple, minmay_surrounded
D:3:      layout_basic, old_standard_altar, uniq_terence
D:4:      layout_basic, serial_shops, kennysheep_mini_moat, dk_noncrumbling_4
D:5:      layout_loops_cross, temple_pool_b, serial_shops,
          nicolae_shop_waterfront, minmay_holes, nrook_campfire, led_xom_imps,
          uniq_prince_ribbit1
D:6:      layout_basic, zin_academy, grunt_gozag_statues,
          nicolae_ru_path_of_blood, serial_shops, shop_fountains,
          hellmonk_ghost_happy_afterlife, nemelex_spade_bored_becter
D:7:      layout_basic, serial_shops, nicolae_shop_statue_plus
D:8:      layout_loops_ring, lair_entry_dummy, nicolae_ossuary_entry_giza
D:9:      layout_loops_corners, minmay_orc_entry_temple_small,
          gammafunk_ghost_smash, guppyfry_early_elven_hall
D:10:     layout_loops_ring, ebering_ghost_xom, lemuel_statue_altar
D:11:     layout_irregular_city, enter_bailey_4, basic_altar, kennysheep_donut,
          uniq_maurice, uniq_fannar, uniq_gastronok
D:12:     layout_loops_cross, serial_glass, glass_columns_a, glass_columns_a,
          minmay_door_square, uniq_urug
D:13:     layout_long_grid, erik_vaults_2, uniq_snorg
D:14:     layout_loops_cross, basic_altar, minmay_misc_feat_cross
D:15:     grunt_enter_depths_magical_seal, layout_basic, serial_park_fountain,
          basic_altar, ebering_ghost_rock_garden, uniq_roxanne, uniq_louise,
          uniq_josephine
Temple:   regret_index_temple_mists
Lair:1:   layout_hall_layers, ebering_ghost_inner_flame
Lair:2:   layout_cave_pods, minmay_snake_entry_guardpost_medium,
          serial_bayou_shore_b
Lair:3:   layout_long_grid, lemuel_fruit_fields
Lair:4:   layout_hall_layers, minmay_swamp_entry_worms,
          maelrawn_ghost_gauntlet_escape, lemuel_fruit_tree,
          infiniplex_staircase_pool
Lair:5:   gammafunk_lair_enchanted_lake, layout_long_grid, slime_altar_2,
          ebering_ghost_inner_flame, serial_bayou_pond_e
Lair:6:   grunt_lair_end_beastmaster, layout_cave_shapes, lookout_lair_type,
          minmay_another_anthill
Swamp:1:  layout_falls_marsh, nicolae_swamp_triple_paths, swamp_pool3,
          hangedman_swamp_pad, uniq_frances
Swamp:2:  cheibrodos_swamp_tower_of_moss, layout_falls_marsh,
          hangedman_swamp_ruin_wall, swamp_pool1, infiniplex_staircase_pool_2
Swamp:3:  layout_basic_swamp, gammafunk_ghost_wrathful_warriors,
          evilmike_swamp_ruin_house_2, swamp_pool3
Swamp:4:  swamp_basic_johnstein, layout_basic_swamp, swamp_pool1
Snake:1:  layout_onion, serial_bayou_pond_a, st_stairs_8, serial_bayou_shore_a,
          grunt_megastairs_2, uniq_jorgrun
Snake:2:  layout_basic, serial_bayou, serial_bayou_shore_b,
          serial_bayou_lagoon_a, serial_bayou_lagoon_b, serial_bayou_lake_a,
          serial_bayou_crossing, serial_bayou_pond_d, evilmike_ambush
          [evilmike_ambush_outer_corners, evilmike_ambush_inner_basic]
Snake:3:  layout_basic, serial_shops, shop_statue, hangedman_feature_mirror,
          minmay_shop_grid_forest
Snake:4:  snake_pit, layout_onion_interference, minmay_snake_pond, uniq_vashnia
Orc:1:    layout_caves, portal_ice_cave_rime, serial_shops, shop,
          gammafunk_ghost_wrathful_warriors, uniq_sonja, uniq_harold
Orc:2:    st_orc_open, layout_caves, chequers_guarded_unrand_ignorance
Elf:1:    eino_elf_arrival_sip, layout_loops_corners, hangedman_corner_corridor,
          drop_trap
Elf:2:    layout_onion_city
Vaults:1: ontoclasm_vaults_loading_screen, vaults_dpeg_cross,
          gammafunk_sealed_arena, vaults_room_fours,
          nicolae_vaults_mini_display_case, grunt_vaults_swirl, v_misc_9,
          grunt_vaults_hallway_long, nicolae_vaults_little_squares_2,
          vaults_mumra_minichess, vaults_mumra_hex, nicolae_vaults_shelves_hall,
          layout_vaults_maze, serial_shops, nicolae_shop_waterfront
Vaults:2: hangedman_vaults_capsules, nicolae_vaults_ninety_degrees,
          v_alt_pattern_6, nicolae_vaults_yaktaur_gun_rack,
          nicolae_vaults_little_squares_6, vaults_dpeg_hooks,
          nicolae_vaults_three_branches, vaults_room_grunt_arrival_checkpoint,
          nicolae_vaults_gold_heap, vaults_dpeg_encased_lava,
          layout_vaults_big_room
Vaults:3: minmay_crypt_entry_skeletal_spiral, nicolae_vaults_border_crossing,
          ontoclasm_vaults_chip, v_alt_pattern_3, ontoclasm_vaults_tryst,
          nicolae_vaults_shelves_hall, st_squares, v_misc_8, v_misc_10,
          hangedman_vaults_corner_blocks, ontoclasm_vaults_ring_square,
          vaults_room_grid, vaults_mumra_lcd, nicolae_vaults_asterisk,
          ontoclasm_vaults_decontamination, layout_vaults_omnibox, serial_shops,
          nicolae_shop_statue_plus, uniq_aizul
Vaults:4: ontoclasm_vaults_idyll, v_misc_5, nicolae_vaults_back_hallway,
          vaults_room_semicircle, hangedman_vaults_cutoff,
          hangedman_vaults_corner, ontoclasm_vaults_ring_square,
          nicolae_vaults_little_squares_4, v_misc_5, ontoclasm_vaults_shuriken,
          layout_vaults_omnicross
Crypt:1:  layout_regular_city, grunt_crypt_arrival_guarded_gate, uniq_donald
Crypt:2:  gammafunk_sealed_library, layout_regular_city, basic_altar
Crypt:3:  evilmike_haunted_forest
Depths:1: layout_gridlike, pf_hell_entry_tar_spiral, nrook_pool_corridor,
          minmay_misc_feat_ornament, minmay_pinched_square, uniq_sojobo
Depths:2: minmay_concentric_multi, layout_cave_shapes, serial_shops, shop,
          hell_entry, serial_co_window_serial, co_window_paths_a,
          co_window_corner_a, co_window_paths_a, co_window_corner_a,
          co_window_of_opportunity_a, co_window_paths_a, co_window_paths_b,
          co_window_unsneaky_path_a, co_window_paths_e, glass_columns_b,
          abyss_entry
Depths:3: hangedman_elemental_death_ray, layout_cave_pools, enter_ziggurat_f,
          hangedman_coc_ice_floe, minmay_room_of_horrors, rand_demon_pan_entry_3
Depths:4: kennysheep_blocky_hall, layout_gridlike, gammafunk_ghost_grave,
          serial_sigils, serial_sigils_hangedman_gut,
          serial_sigils_hangedman_etch, abyss_entry, hell_entry,
          pandoras_box_mu, uniq_margery, uniq_jory, uniq_xtahua
Depths:5: grunt_runaround [grunt_runaround_doors_1, grunt_runaround_doors_2,
          grunt_runaround_doors_3, grunt_runaround_doors_4,
          grunt_runaround_zot], hell_entry
Abyss:5:  base: IceCv, evilmike_abyss_rune_tso_outpost, evilmike_abyss_exit_9,
          nicolae_abyss_rune_star_stuff, nicolae_abyss_rune_star_stuff,
          evilmike_abyss_exit_chaos, nicolae_abyss_rune_star_stuff,
          bh_silent_lugonu_exit, evilmike_abyss_rune_siren_acolytes,
          bh_silent_lugonu_exit, gammafunk_corrupted_shrine,
          evilmike_abyss_rune_siren_acolytes,
          evilmike_abyss_rune_siren_acolytes,
          evilmike_abyss_rune_siren_acolytes, lemuel_flamethrower_2

Skill      XL: |  1  2  3  4  5  6  7  8  9 10 11 12 13 14 15 16 17 18 19 20 21 22 23 24 25 26 27 |
---------------+----------------------------------------------------------------------------------+-----
Unarmed Combat | 4 5 6 7 8 10 12 13 14 15 16 17 18 19 20 21 22 23 24 25 26 27 | 27.0
Armour         | 3 4 6 7 9 11 13 14 15 16 17 18 19 20 | 20.5
Dodging        | 4 5 7 8 9 10 11 12 13 14 15 16 17 18 19 | 19.4
Fighting       | 4 6 8 9 11 12 13 14 15 17 18 19 20 21 22 23 24 25 27 | 27.0
Throwing       | |  1.7

Action                   |  1- 3 |  4- 6 |  7- 9 | 10-12 | 13-15 | 16-18 | 19-21 | 22-24 | 25-27 || total
-------------------------+-------+-------+-------+-------+-------+-------+-------+-------+-------++-------
Melee: Unarmed           |   114 |   167 |   448 |   679 |  1343 |  1711 |  1699 |  1968 |  2120 || 10249
       Punch             |       |     3 |    20 |    44 |   101 |   153 |   183 |   236 |   272 ||  1012
Throw: Throwing net      |       |     3 |     1 |     2 |       |       |       |       |     5 ||    11
       Boomerang         |       |       |       |       |       |    39 |       |       |       ||    39
       Javelin           |       |       |       |       |       |    15 |       |       |     4 ||    19
Evoke: Wand              |       |       |       |     3 |    14 |       |       |       |     1 ||    18
  Use: Scroll            |     6 |     4 |    10 |    16 |    19 |     2 |     1 |     6 |     3 ||    67
       Potion            |       |       |       |     2 |       |     2 |     1 |     1 |     5 ||    11
 Stab: Held in net/web   |       |     1 |     1 |     1 |       |       |       |       |       ||     3
       Invisible         |       |       |     2 |       |       |       |       |       |       ||     2
       Distracted        |       |       |       |     1 |       |       |       |     1 |       ||     2
       Petrified         |       |       |       |       |       |       |       |       |     4 ||     4
Armor: Ring mail         |    43 |    16 |       |       |       |       |       |       |       ||    59
       Leather armour    |     1 |       |       |       |       |       |       |       |       ||     1
       Scale mail        |       |    21 |    46 |   120 |       |       |       |       |       ||   187
       Chain mail        |       |       |    20 |       |       |       |       |       |       ||    20
       Crystal plate arm |       |       |       |    45 |   762 |  1378 |   816 |  1180 |  1487 ||  5668
Dodge: Dodged            |    65 |    88 |   237 |   422 |   610 |  1097 |   973 |  1200 |  1557 ||  6249
Block: Other             |       |       |       |    64 |   285 |   420 |   323 |   380 |   430 ||  1902
       Reflection        |       |       |       |     1 |     9 |    24 |    38 |    20 |     6 ||    98
